 Dungeon Crawl Stone Soup version 0.25.1-9-gc5326a611f (webtiles) character file.

Game seed: 3013419246521623902

229 growler the Ruffian (level 5, -1/40 HPs)
             Began as a Draconian Transmuter on Dec 27, 2020.
             Slain by an orc priest
             ... wielding a +1 hand axe of flaming
              (3 damage)
             ... on level 3 of the Dungeon.
             The game lasted 00:11:29 (3148 turns).

growler the Ruffian (Draconian Transmuter)          Turns: 3148, Time: 00:11:30

Health: -1/40      AC:  2    Str: 13    XL:     5   Next: 71%
Magic:  2/9        EV: 19    Int: 13    God:
Gold:   164        SH:  0    Dex: 17    Spells: 4/10 levels left

rFire    + . .     SeeInvis .     - Unarmed
rCold    + . .     Gourm    .   (shield currently unavailable)
rNeg     . . .     Faith    .   (armour unavailable)
rPois    .         Spirit   .   (helmet currently unavailable)
rElec    +         Reflect  .   (cloak currently unavailable)
rCorr    +         Harm     .   (gloves currently unavailable)
MR       .....                  (boots currently unavailable)
Stlth    ++........             (no amulet)
HPRegen  0.13/turn              (no ring)
MPRegen  0.11/turn              (no ring)

@: spider-form, resistant, very slightly contaminated
A: tiny, unfitting armour, AC +5
a: End Transformation


You were on level 3 of the Dungeon.
You were very hungry.
You were a venomous arachnid creature.
You visited 1 branch of the dungeon, and saw 3 of its levels.

You collected 164 gold pieces.

Inventory:

Missiles
 a - 63 arrows
Jewellery
 l - an uncursed ring of flight {unknown}
   (You found it on level 3 of the Dungeon)
Scrolls
 b - 2 scrolls of identify {@r1}
 c - a scroll of random uselessness {unknown}
 i - a scroll of magic mapping {unknown}
Potions
 f - 2 potions of flight
 k - a potion of brilliance {unknown}
Comestibles
 e - 7 rations {!d}


   Skills:
 - Level 1.1 Fighting
 - Level 1.7 Dodging
 + Level 5.0 Unarmed Combat
 - Level 3.0 Spellcasting
 - Level 3.0 Transmutations
 - Level 2.0 Poison Magic


You had 4 spell levels left.
You knew the following spells:

 Your Spells              Type           Power        Failure   Level  Hunger
a - Beastly Appendage     Tmut           #.....       19%         1    #......
s - Sticks to Snakes      Tmut           #.......     24%         2    ###....
x - Spider Form           Tmut/Pois      #.........   45%         3    ###....

Your spell library contained the following spells:

 Spells                   Type           Power        Failure   Level  Hunger
 Ice Form                 Ice/Tmut       #.......     90%         4    #####..
 Blade Hands              Tmut           #.........   96%         5    ######.


Dungeon Overview and Level Annotations

Branches:
Dungeon (3/15)

Altars:
Gozag
Nemelex Xobeh
Sif Muna
Zin


Innate Abilities, Weirdness & Mutations

((Your plain brown scales are hard. (AC +5)))
You cannot fit into any form of body armour.
((You are cold-blooded and may be slowed by cold attacks.))


Message History

The orc completely misses you.
You hit the orc.
You kill the orc!
Your Unarmed Combat skill increases to level 5!
The orc misses you.
You hit the orc.
The orc is poisoned.
The orc misses you. The orc completely misses you.
You hit the orc.
The orc is poisoned.
The orc misses you.
You closely miss the orc. The orc misses you. x2
You hit the orc.
You kill the orc! x2
The orc priest invokes the aid of Beogh against you.
Pain shoots through your body!
You completely miss the worm. You hit the worm. The worm bites you.
You bite the worm!
The worm is poisoned.
The orc priest mumbles some strange prayers to Beogh against you.
Beogh smites you!
* * * LOW HITPOINT WARNING * * *
Your transformation has ended.
The orc priest looks encouraged for a moment.
The worm bites you.
* * * LOW HITPOINT WARNING * * *
Things that are here:
a scroll labeled KOACKE RIEK; 11 gold pieces; a stone Unknown command.
The orc priest calls down the wrath of Beogh upon you.
Pain shoots through your body!
* * * LOW HITPOINT WARNING * * *
Okay, then.
It was a potion of resistance.
You feel protected.
It was a potion of curing.
You feel better.
The spell is quite dangerous to cast (24% risk of failure)!
Continue anyway?
You miscast Spider Form.
You are very lightly contaminated with residual magic.
Strange energies run through your body.
You are feeling very hungry.
Unknown command.
You aren't carrying any items that you can evoke.
The spell is quite dangerous to cast (24% risk of failure)!
Continue anyway?
You turn into a venomous arachnid creature.
The orc priest barely misses you.
You barely miss the orc priest.
The orc priest calls down the wrath of Beogh upon you.
Beogh smites you!
* * * LOW HITPOINT WARNING * * *
You completely miss the orc priest.
The orc priest hits you with a +1 hand axe of flaming.
You die...

############ #..........#
#..........# #..........#
###..........# #............#
###### ##............###
......####.......w....?..#
................so.####))####
.#........([########≈≈≈..≈≈≈#
..........[.########≈≈≈..≈≈≈#
##........).#......#≈≈....≈≈#
##..........#......#≈..♣...≈#
...................#≈..o♣..≈#
............[......#≈≈....≈≈#
............########≈≈wg.≈≈(#
............# #≈≈≈(≈≈≈≈#


You could see a worm (poisoned) and an orc priest.

Vanquished Creatures
  2 orc wizards (D:3)
  2 orc priests (D:3)
  2 adders
  An ooze (D:2)
  2 worms
  4 dart slugs (D:1)
  2 leopard geckos
  11 orcs
  9 bats
  6 goblins
  2 hobgoblins (D:1)
  3 jackals (D:1)
  8 kobolds
  2 quokkas (D:3)
  A ball python (D:2)
  3 frilled lizards
  10 rats
70 creatures vanquished.

Notes
Turn   | Place    | Note
-------+----------+-------------------------------------------
     0 | D:1      | growler the Draconian Transmuter began the quest for the
                  | Orb.
     0 | D:1      | Reached XP level 1. HP: 16/16 MP: 3/3
   127 | D:1      | Reached XP level 2. HP: 19/23 MP: 5/5
   479 | D:1      | Learned a level 2 spell: Sticks to Snakes
   540 | D:1      | Found a sparkling altar of Nemelex Xobeh.
   952 | D:1      | Reached XP level 3. HP: 28/28 MP: 6/6
   960 | D:1      | Learned a level 3 spell: Spider Form
  1815 | D:2      | Found an opulent altar of Gozag.
  1816 | D:2      | Found a shimmering blue altar of Sif Muna.
  2222 | D:3      | Reached skill level 1 in Poison Magic
  2222 | D:3      | Reached XP level 4. HP: 35/35 MP: 4/8
  2341 | D:3      | Reached skill level 4 in Unarmed Combat
  2564 | D:3      | Found a glowing silver altar of Zin.
  2574 | D:3      | Reached XP level 5. HP: 37/40 MP: 9/9
  3128 | D:3      | Reached skill level 5 in Unarmed Combat
  3147 | D:3      | HP: 2/40 [orc priest/divine providence (12)]
  3148 | D:3      | Slain by an orc priest

Illustrated notes

Levels and vault maps discovered:
D:1:      dpeg_arrival_short_road, layout_rooms, serial_forest,
          infiniplex_forest_pool, infiniplex_forest_clump_long,
          infiniplex_forest_clump_long, infiniplex_forest_zigzag_1,
          infiniplex_forest_lined_room_2, infiniplex_forest_corner_1,
          infiniplex_forest_clump_long, nemelex_altar_shiori
D:2:      layout_basic, gammafunk_temple_overflow_statue, first_ration
D:3:      layout_rooms, overflow_temple_1_default, kennysheep_generic_room_4

Skill      XL: |  1  2  3  4  5 |
---------------+----------------+-----
Transmutations | 3 |  3.0
Poison Magic   | 1 2 |  2.0
Spellcasting   | 3 |  3.0
Unarmed Combat | 4 5 |  5.0
Fighting       | |  1.1
Dodging        | |  1.7

Action                   |  1- 3 |  4- 6 || total
-------------------------+-------+-------++-------
Melee: Unarmed           |   165 |   118 ||   283
       Tailslap          |    13 |     8 ||    21
       Headbutt          |     3 |       ||     3
       Punch             |     2 |     1 ||     3
 Cast: Beastly Appendage |     3 |       ||     3
       Spider Form       |     1 |     5 ||     6
  Use: Scroll            |       |     2 ||     2
       Potion            |       |     2 ||     2
  Eat: Chunk             |     4 |     3 ||     7
Armor: Skin              |    46 |    33 ||    79
Dodge: Dodged            |   104 |    98 ||   202
